 Dungeon Crawl Stone Soup version 0.27-a0-1217-g8a41f320e8 (webtiles) character file.

Game seed: 11586155704054069195

6537 wakim the Covert (level 11, -1/64 HPs)
             Began as a Kobold Brigand on June 5, 2021.
             Was a High Priest of Uskayaw.
             Killed from afar by an electric eel (13 damage)
             ... with a bolt of electricity
             ... on level 9 of the Dungeon.
             The game lasted 00:34:38 (11892 turns).

wakim the Covert (Kobold Brigand)                  Turns: 11892, Time: 00:34:39

Health: -1/64      AC: 14    Str:  8    XL:     11   Next: 20%
Magic:  15/15      EV: 17    Int: 13    God:    Uskayaw [*****.]
Gold:   420        SH:  0    Dex: 20    Spells: 10/10 levels left

rFire    . . .     SeeInvis +   a - +2 dagger (venom)
rCold    . . .     Faith    +   (shield restricted)
rNeg     . . .     Spirit   .   t - +0 acid dragon scales
rPois    .         Reflect  .   k - +0 helmet
rElec    .         Harm     .   c - +0 cloak
rCorr    +         Rampage  .   (no gloves)
Will     .....                  s - +0 pair of boots
Stlth    ++++++....             d - amulet of faith
HPRegen  0.20/turn              h - +4 ring of protection
MPRegen  0.14/turn              j - ring of see invisible

@: no status effects
A: small, no large weapons, nightstalker 3
a: Renounce Religion, Stomp, Line Pass, Grand Finale


You were on level 9 of the Dungeon.
You worshipped Uskayaw.
Uskayaw was noncommittal.
You visited 2 branches of the dungeon, and saw 10 of its levels.
You also visited: Sewer and Ossuary.

You collected 520 gold pieces.
You spent 100 gold pieces at shops.

Inventory:

Hand Weapons
 a - a +2 dagger of venom (weapon)
 b - a +3 short sword of freezing
 n - the +1 dagger of Disorder {vorpal, Will+}
   (You found it on level 8 of the Dungeon)

   It inflicts extra damage upon your enemies.
   It increases your willpower.
Missiles
 e - 2 curare-tipped darts {=f}
 f - 3 boomerangs of dispersal {=f!f}
 g - 57 poisoned darts (quivered)
 i - 3 boomerangs
 u - 4 throwing nets {=f!f}
Armour
 c - a +0 cloak (worn)
 k - a +0 helmet (worn)
 s - a +0 pair of boots (worn)
 t - +0 acid dragon scales (worn)
Jewellery
 d - an amulet of faith (around neck)
 h - a +4 ring of protection (left hand)
 j - a ring of see invisible (right hand)
 l - the ring of the Tempest {rElec Will- Int+7 Dex+6}
   (You found it on level 3 of the Dungeon)

   [ring of dexterity]

   It affects your intelligence (+7).
   It affects your dexterity (+6).
   It insulates you from electricity.
   It decreases your willpower.
 p - an amulet of reflection
 q - a ring of resist corrosion
Wands
 v - a wand of flame (72)
 x - a wand of charming (4)
 y - a wand of paralysis (1)
Scrolls
 Q - 4 scrolls of immolation {!r!r}
 R - a scroll of magic mapping {!r}
 T - a scroll of teleportation
 X - a scroll of fog
 Z - a scroll of silence {!r}
Potions
 m - a potion of curing {unknown}
 o - 2 potions of flight {unknown}
 B - 3 potions of attraction {!q}
 D - 3 potions of brilliance
 H - 7 potions of haste
 J - 3 potions of heal wounds
 L - 6 potions of lignification {!q}
 N - 3 potions of might


   Skills:
 + Level 6.0 Fighting
 - Level 12.0 Short Blades
 - Level 6.0 Throwing
 - Level 3.0 Armour
 * Level 6.0 Dodging
 - Level 12.0 Stealth
 - Level 6.0 Invocations


You had 10 spell levels left.
You didn't know any spells.
Your spell library contained the following spells:

 Spells                   Type           Power      Damage    Failure   Level
 Animate Skeleton         Necr           0%         N/A       45%         1
 Corona                   Hex            0%         N/A       45%         1
 Magic Dart               Conj           0%         1d3       45%         1
 Pain                     Necr           0%         1d4       45%         1
 Searing Ray              Conj           0%         3d3       61%         2
 Slow                     Hex            0%         N/A       61%         2
 Dazzling Flash           Conj/Hex       0%         N/A       83%         3
 Inner Flame              Hex/Fire       0%         N/A       83%         3
 Portal Projectile        Hex/Tloc       0%         N/A       83%         3
 Vampiric Draining        Necr           0%         2d6       83%         3
 Animate Dead             Necr           0%         N/A       99%         4
 Cause Fear               Hex            0%         N/A       99%         4
 Fulminant Prism          Conj/Hex       0%         3d6       99%         4
 Iskenderun's Mystic Bla  Conj/Tloc      0%         2d3       99%         4
 Leda's Liquefaction      Hex/Erth       0%         N/A       99%         4
 Agony                    Necr           0%         N/A       100%        5


Dungeon Overview and Level Annotations

Branches:
Dungeon (9/15)             Temple (1/1) D:5             Orc (0/2) D:9
  Sewer (visited)         Ossuary (visited)
   Lair: D:8-11

Altars:
Makhleb
Qazlal
Trog
Uskayaw
Wu Jian
Xom

Shops:
D:1 (:((   D:9 *


Innate Abilities, Weirdness & Mutations

You are small and have problems with some larger weapons.
You are completely attuned to the shadows.


Message History

You hit the troll but do no damage. The troll barely misses you.
The troll completely misses you. The troll closely misses you.
Your +3 short sword of freezing stops glowing.
Your +2 dagger of venom begins to drip with poison!
a - a +2 dagger of venom (weapon)
Unknown command.
You hit the troll but do no damage.
The troll is poisoned.
The troll barely misses you. x2; The troll claws you.
* * * LOW HITPOINT WARNING * * *
You hit the troll.
The troll looks as sick as possible!
The troll is lightly wounded.
You hit the troll.
The troll looks as sick as possible!
The troll is moderately wounded.
The troll bites you but does no damage. The troll misses you. x2
You closely miss the troll.
The troll is moderately wounded.
You hit the troll but do no damage.
The troll looks as sick as possible!
The troll is moderately wounded.
The troll completely misses you. The troll claws you but does no damage.
The troll claws you.
* * * LOW HITPOINT WARNING * * *
Uskayaw prepares the audience for your solo!
The helpless troll fails to defend itself.
You stick the troll like a pincushion!!!!
You kill the troll!
Training target 12.0 for Short Blades reached!
Your Short Blades skill increases to level 12!
You need to enable at least one skill for training.
The electric eel shoots out a bolt of lightning at you!
The bolt of electricity hits you!
* * * LOW HITPOINT WARNING * * *
The bolt of electricity hits you but does no damage.
There is an open door, spattered with blood here.
You see here a hound corpse.
The helpless wolf fails to defend itself.
You skewer the wolf like a kebab!!!!
You kill the wolf!
The electric eel shoots out a bolt of lightning at you!
The bolt of electricity misses you. The bolt of electricity hits you!
You die...

#.....# #.....#
#.....# #......#
####.....#
#......####........#
#......+>...##.....#
#......########.####
#......# #..##
#####@###### ##..#
≈≈≈;≈†.....# ##.#
≈≈≈≈≈.≈....######.##
≈≈≈≈≈......##......#
≈≈≈≈≈≈≈≈...##......#
≈≈≈≈≈≈≈....##......#
≈≈hh≈≈≈≈....#...)..#
.h.≈h≈≈≈≈≈..#......#
≈≈....#......#


You could see an electric eel.

Vanquished Creatures
  Harold (D:8)
  A two-headed ogre (D:9)
  Maggie (D:7)
  A troll (D:9)
  Prince Ribbit (D:5)
  Sigmund (D:2)
  3 yaks (D:8)
  A steam dragon (D:8)
  Menkaure (D:7)
  A water moccasin (D:8)
  An orc warrior (D:8)
  A black bear (D:3)
  A sky beast (D:5)
  2 necrophages
  3 wolves (D:9)
  An ogre (D:5)
  5 centaurs
  3 bullfrogs
  A kobold brigand (D:8)
  2 elf zombies (Ossuary)
  A wyvern zombie (D:7)
  A scorpion (D:6)
  A wyvern skeleton (D:7)
  A water moccasin skeleton (D:6)
  3 wights
  12 killer bees
  An electric eel (D:9)
  3 howler monkeys
  A bullfrog zombie (D:6)
  4 centaur zombies
  3 orc priests
  4 hounds
  A gnoll shaman (D:4)
  A human zombie (Ossuary)
  A centaur skeleton (D:6)
  Terence (D:2)
  4 iguanas
  5 orc wizards
  2 mummies (Ossuary)
  3 gnolls (D:4)
  3 howler monkey skeletons
  9 adders
  5 river rats
  An adder zombie (Ossuary)
  3 worms
  2 dart slugs
  17 orcs
  15 ball pythons
  6 endoplasms
  7 giant cockroaches
  6 goblins
  7 hobgoblins
  A jackal (D:3)
  A quokka (D:2)
  4 bats
  11 frilled lizards
  4 goblin zombies (Ossuary)
  8 hobgoblin zombies (Ossuary)
  10 kobolds
  10 kobold zombies (Ossuary)
  7 orc zombies (Ossuary)
  13 rats
  A rat zombie (Ossuary)
  A butterfly (D:5)
237 creatures vanquished.

Notes
Turn   | Place    | Note
-------+----------+-------------------------------------------
     0 | D:1      | wakim the Kobold Brigand began the quest for the Orb.
     0 | D:1      | Reached XP level 1. HP: 12/12 MP: 1/1
    86 | D:1      | Found Iczifo's Weapon Shop.
   139 | D:1      | Found Wipasch's Book Shoppe.
   175 | D:1      | Reached XP level 2. HP: 14/17 MP: 2/2
   268 | D:1      | Found Qitu's Antique Weapon Emporium.
   577 | D:1      | Found Roitsih's Antique Weapon Boutique.
   806 | D:2      | Reached XP level 3. HP: 19/21 MP: 3/3
   907 | D:2      | Noticed Terence
   910 | D:2      | Killed Terence
   911 | D:2      | Reached XP level 4. HP: 26/26 MP: 4/4
  1054 | D:2      | Found a faded altar of an unknown god.
  1098 | D:2      | Noticed Sigmund
  1102 | D:2      | Killed Sigmund
  1103 | D:2      | Reached XP level 5. HP: 30/30 MP: 5/5
  1103 | D:2      | Reached XP level 6. HP: 35/35 MP: 6/6
  3108 | D:3      | Reached XP level 7. HP: 31/40 MP: 7/7
  3140 | D:3      | Identified the ring of the Tempest {rElec Will- Int+7
                  | Dex+6}
  3660 | D:4      | Found a glowing drain.
  3845 | Sewer    | Entered a sewer
  4406 | D:4      | Reached XP level 8. HP: 46/46 MP: 8/8
  5088 | D:5      | Entered Level 5 of the Dungeon
  5171 | D:5      | Found a sand-covered staircase.
  5177 | Ossuary  | Entered an ossuary
  5486 | Ossuary  | Reached skill level 10 in Short Blades
  5694 | D:5      | Reached skill level 5 in Fighting
  5758 | D:5      | Noticed Prince Ribbit
  5771 | D:5      | Killed Prince Ribbit
  5772 | D:5      | Reached XP level 9. HP: 40/55 MP: 9/9
  6066 | D:5      | Found a staircase to the Ecumenical Temple.
  6077 | Temple   | Entered the Ecumenical Temple
  6082 | Temple   | Became a worshipper of Uskayaw the Reveller
  6256 | D:6      | Reached * piety under Uskayaw
  6340 | D:6      | Reached ** piety under Uskayaw
  7123 | D:6      | Reached skill level 5 in Throwing
  7873 | D:7      | Noticed Menkaure
  7876 | D:7      | Killed Menkaure
  7906 | D:7      | Reached skill level 5 in Dodging
  8129 | D:7      | Noticed Maggie
  8136 | D:7      | Killed Maggie
  8137 | D:7      | Reached skill level 10 in Stealth
  8244 | D:7      | Reached XP level 10. HP: 60/60 MP: 10/10
  8780 | D:7      | Found a stormy altar of Qazlal.
  8885 | D:8      | Identified the +1 dagger of Disorder {vorpal, Will+}
  9268 | D:8      | Noticed Harold
  9272 | D:8      | Killed Harold
  9273 | D:8      | Reached skill level 1 in Armour
  9393 | D:8      | Reached *** piety under Uskayaw
  9398 | D:8      | Reached **** piety under Uskayaw
 10008 | D:8      | Reached skill level 5 in Invocations
 11118 | D:8      | Reached XP level 11. HP: 60/61 MP: 13/15
 11283 | D:9      | Found a staircase to the Orcish Mines.
 11341 | D:9      | Noticed a two-headed ogre
 11650 | D:9      | Found Ipryhube's Assorted Antiques.
 11651 | D:9      | Killed a two-headed ogre
 11779 | D:9      | Bought a dented platinum amulet for 100 gold pieces
 11881 | D:9      | Reached ***** piety under Uskayaw
 11892 | D:9      | Killed from afar by an electric eel

Illustrated notes

Levels and vault maps discovered:
D:1:      eino_arrival_druids_welcome, layout_basic, serial_shops, shop_statue,
          shop_coins, shop_fountains, shop
D:2:      minmay_spotlight, layout_loops_ring, basic_ecumenical_altar,
          minmay_quadrilaterals, uniq_sigmund, uniq_terence
D:3:      minmay_octagon_keep, layout_loops_cross
D:4:      layout_loops_corners, portal_sewer_entry_e
D:5:      layout_basic, minmay_temple_entry_butterflies,
          chequers_ossuary_entry_cave, uniq_prince_ribbit1
D:6:      layout_gridville
D:7:      layout_basic, nicolae_qazlal_scattered_showers, serial_aquarium,
          aquarium_bridge_island_large [aquarium_subvault_large_water,
          aquarium_subvault_wall, aquarium_subvault_bridge,
          aquarium_subvault_bridge, aquarium_subvault_bridge],
          aquarium_window_3, aquarium_window_1, aquarium_view_2e, uniq_maggie,
          uniq_menkaure
D:8:      layout_gridville, grunt_ministairs_2, hangedman_decor_peaks_small,
          uniq_harold
D:9:      layout_roguey, erik_lair_island, serial_shops, shop,
          nicolae_blasting_shop, minmay_holes, onia_ninara_dug_in_and_dangerous
Temple:   nicolae_temple_the_god_donut

Skill      XL: |  1  2  3  4  5  6  7  8  9 10 11 |
---------------+----------------------------------+-----
Short Blades   | 3 4 6 7 9 10 12 | 12.0
Throwing       | 3 4 6 |  6.0
Fighting       | 3 6 |  6.0
Stealth        | 6 8 10 12 | 12.0
Dodging        | 2 5 6 |  6.0
Armour         | 2 3 |  3.0
Invocations    | 5 6 |  6.0

Action                   |  1- 3 |  4- 6 |  7- 9 | 10-12 || total
-------------------------+-------+-------+-------+-------++-------
Melee: Dagger            |    40 |    42 |   218 |   117 ||   417
       Short sword       |     1 |    69 |   251 |   113 ||   434
Throw: Dart              |     1 |       |     1 |     9 ||    11
Invok: Line Pass         |       |       |     2 |     1 ||     3
Evoke: Wand              |       |       |     5 |     4 ||     9
  Use: Scroll            |     5 |     2 |     9 |     4 ||    20
 Stab: Sleeping          |     8 |    17 |    53 |     8 ||    86
       Distracted        |       |       |     2 |     2 ||     4
       Paralysed         |       |       |     1 |     7 ||     8
       Confused          |       |       |       |     1 ||     1
Armor: Robe              |     5 |    30 |    69 |       ||   104
       Leather armour    |       |       |    10 |       ||    10
       Acid dragon scale |       |       |       |    66 ||    66
Dodge: Dodged            |    16 |    59 |   200 |   163 ||   438
Block: Other             |       |       |     8 |    43 ||    51

Table legend: (Time is in decaauts)
 A = Elapsed time spent in this place.
 B = Non-inter-level travel time spent in this place.
 C = Inter-level travel time spent in this place.
 D = Time resting spent in this place.
 E = Time spent auto-exploring this place.
 F = Levels seen in this place.
 G = Mean time per level.
                   A        B        C        D        E       F      G
               +--------+--------+--------+--------+--------+-----+--------+
         Total |  11589 |  11145 |    444 |    895 |   8219 |  12 |  965.8 |
       Dungeon |  10872 |  10432 |    440 |    895 |   7797 |   9 | 1208.0 |
        Temple |     10 |      6 |      4 |      0 |      0 |   1 |   10.0 |
         Sewer |    332 |    332 |      0 |      0 |    246 |   1 |  332.0 |
       Ossuary |    373 |    373 |      0 |      0 |    175 |   1 |  373.0 |
               +--------+--------+--------+--------+--------+-----+--------+

Top non-repeatable levels by time:
     D:8: 2309 daAuts
     D:6: 1694 daAuts
     D:4: 1412 daAuts
     D:3: 1349 daAuts
     D:2: 1233 daAuts
     D:7: 1109 daAuts
     D:1: 712 daAuts
     D:5: 694 daAuts
 Ossuary: 373 daAuts
     D:9: 354 daAuts
   Sewer: 332 daAuts
  Temple: 10 daAuts
